 Dungeon Crawl Stone Soup version 0.26-a0-613-g4f23886233 (webtiles) character file.

Game seed: 3776837436512350018

1329 Colgate the Slinger (level 8, -10/68 HPs)
             Began as a Minotaur Abyssal Knight on Sept 11, 2020.
             Was a Priest of Lugonu.
             Mangled by Blork the orc
             ... wielding a +0 halberd of distortion
              (11 damage)
             ... on level 6 of the Dungeon.
             The game lasted 00:48:40 (5679 turns).

Colgate the Slinger (Minotaur Abyssal Knight)       Turns: 5679, Time: 00:48:43

Health: -10/68     AC:  8    Str: 20    XL:     8   Next: 34%
Magic:  7/8        EV: 11    Int:  9    God:    Lugonu [***...]
Gold:   344        SH:  0    Dex:  9    Spells: 7/7 levels left

rFire    . . .     SeeInvis .   a - +0 halberd
rCold    . . .     Faith    .   (shield currently unavailable)
rNeg     . . .     Spirit   .   x - +0 ring mail (curse)
rPois    .         Reflect  .   (helmet restricted)
rElec    .         Harm     .   (no cloak)
rCorr    .                      y - +1 pair of gloves
MR       +....                  n - +0 pair of boots
Stlth    ..........             (no amulet)
HPRegen  0.21/turn              C - ring of protection from magic
MPRegen  0.11/turn              (no ring)

@: no status effects
A: retaliatory headbutt, horns 2
a: Depart the Abyss, Bend Space, Banish, Renounce Religion


You were on level 6 of the Dungeon.
You worshipped Lugonu.
Lugonu was most pleased with you.
You visited 1 branch of the dungeon, and saw 6 of its levels.
You visited the Abyss 2 times.

You collected 344 gold pieces.

Inventory:

Hand Weapons
 a - a +0 halberd (weapon)
 b - a +0 hunting sling
 j - a +1 spear
 K - a +2 dagger of venom
Missiles
 c - 22 poisoned darts
 k - 229 stones
 q - 72 arrows
 E - 2 boomerangs (quivered)
 J - 22 bolts
 L - a javelin
Armour
 g - a +0 plate armour
 m - a +0 chain mail
 n - a +0 pair of boots (worn)
 s - a +0 leather armour
 x - a cursed +0 ring mail (worn)
 y - a +1 pair of gloves (worn)
Jewellery
 C - a ring of protection from magic (left hand)
Wands
 z - a wand of digging (3)
Scrolls
 e - 6 scrolls of identify {unknown}
 f - 4 scrolls of fog {unknown}
 o - a scroll of noise {unknown}
 v - 4 scrolls of immolation {unknown}
 w - 5 scrolls of remove curse {unknown}
 B - a scroll of random uselessness {unknown}
 F - 3 scrolls of enchant weapon {unknown}
 G - a scroll of teleportation {unknown}
 I - 2 scrolls of amnesia {unknown}
 M - a scroll of enchant armour {unknown}
 N - a scroll of silence {unknown}
Potions
 d - 3 potions of degeneration {unknown}
 h - 4 potions of curing {unknown}
 i - a potion of might {unknown}
 l - a potion of mutation {unknown}
 p - a potion of cancellation {unknown}
 r - a potion of magic {unknown}
 t - 4 potions of lignification {unknown}
 u - a potion of ambrosia {unknown}
 A - 2 potions of flight {unknown}
 D - a potion of brilliance {unknown}
 H - a potion of resistance {unknown}


   Skills:
 - Level 5.2 Fighting
 + Level 3.0 Polearms
 - Level 10.0(10.2) Slings
 - Level 2.0(6.1) Throwing
 - Level 2.4 Armour
 - Level 1.1 Dodging
 - Level 1.7 Invocations


You had 7 spell levels left.
You didn't know any spells.
Your spell library contained the following spells:

 Spells                   Type           Power        Failure   Level
 Corona                   Hex            #......      56%         1
 Confusing Touch          Hex            #.......     90%         3
 Gell's Gravitas          Tloc           #.........   90%         3
 Petrify                  Tmut/Erth      #.......     100%        4
 Metabolic Englaciation   Hex/Ice        #.........   100%        5
 Yara's Violent Unravell  Hex/Tmut       #.........   100%        5


Dungeon Overview and Level Annotations

Branches:
Dungeon (6/15)
 Temple: D:4-7

Altars:
Dithmenos
Elyvilon
Kikubaaqudgha
Nemelex Xobeh
Ru
Sif Muna
Uskayaw
Vehumet

Shops:
D:6 [

Annotations:
D:6 Blork the orc


Innate Abilities, Weirdness & Mutations

You reflexively headbutt those who attack you in melee.
You have a pair of horns on your head.


Message History

You furiously retaliate!
You headbutt Blork the orc! Space bends around you!
You blink.
Quiver which item? (- for none, * to show all) (? for menu, Esc to quit)
Okay, then.
You open the door.
Found Wokeoraz's Armour Shop.
There is an open door here.
You close the door.
Something unseen opens the door.
Found a stone staircase leading down.
Found 23 stones.
Press: ? - help, Shift-Dir - straight line, f/p - Blork the orc
Aim: Blork the orc, wielding a +0 halberd of distortion and wearing a cursed +0 robe (moderately wounded, chance to defeat MR: 80%)
You fail to use your ability.
Blork the orc closely misses you.
Press: ? - help, Shift-Dir - straight line, f/p - Blork the orc
Aim: Blork the orc, wielding a +0 halberd of distortion and wearing a cursed +0 robe (moderately wounded, chance to defeat MR: 80%)
You fail to use your ability.
Blork the orc hits you from afar with a +0 halberd of distortion!
* * * LOW HITPOINT WARNING * * *
Space warps horribly around you!
You die...

....# ..(.#
##########....#
##.............+
#....................#
#.... ...............#
#.... .........∩.....+
#... ..........@....#
#... ..............#
...###+##+#...o####.....
#..#......#....# ....
#.<'......#....# ...
#..#......#....# ..
#..#......'....# .
#..######.#....# #..#
#######...


You could see Blork the orc.

Vanquished Creatures
  A titan skeleton (Abyss:1)
  Grinder (D:3)
  An ice beast (D:4)
  A centaur (D:5)
  An orc priest (D:4)
  A jelly (D:5)
  An orc wizard (D:4)
  2 iguanas (D:5)
  3 gnolls
  6 adders
  3 white imps
  2 oozes
  An adder skeleton (D:5)
  4 worms
  2 dart slugs (D:2)
  7 leopard geckos
  19 orcs
  5 giant cockroaches
  8 goblins
  5 hobgoblins
  3 jackals (D:3)
  4 kobolds
  A quokka (D:4)
  3 ball pythons
  8 bats
  5 frilled lizards
  2 leopard gecko skeletons (D:4)
  A quokka skeleton (D:4)
  10 rats
111 creatures vanquished.

Notes
Turn   | Place    | Note
-------+----------+-------------------------------------------
     0 | Abyss:1  | Colgate the Minotaur Abyssal Knight began the quest for the
                  | Orb.
     0 | Abyss:1  | Reached XP level 1. HP: 19/19 MP: 1/1
     9 | Abyss:1  | Found a corrupted altar of Lugonu.
    25 | D:1      | Escaped the Abyss
   195 | D:1      | You fall into a shaft and drop 1 floor!
   195 | D:2      | Found a faded altar of an unknown god.
   358 | D:1      | Reached XP level 2. HP: 26/28 MP: 2/2
  1251 | D:2      | Found a sparkling altar of Nemelex Xobeh.
  1426 | D:2      | Reached skill level 5 in Fighting
  1426 | D:2      | Reached XP level 3. HP: 27/36 MP: 3/3
  1702 | D:2      | Reached ** piety under Lugonu
  1727 | D:2      | Reached skill level 1 in Throwing
  1936 | D:2      | Reached XP level 4. HP: 42/42 MP: 4/4
  2545 | D:3      | Found a sacrificial altar of Ru.
  2628 | D:3      | Found a radiant altar of Vehumet.
  2636 | D:3      | Found an ancient bone altar of Kikubaaqudgha.
  2637 | D:3      | Found a shimmering blue altar of Sif Muna.
  2640 | D:3      | Identified Sif Muna's Tome of Enchantment
  2668 | D:3      | Noticed Grinder
  2687 | D:3      | Paralysed by Grinder for 6 turns
  2700 | D:3      | Paralysed by Grinder for 6 turns
  2710 | D:3      | Killed Grinder
  2710 | D:3      | Reached skill level 4 in Slings
  2710 | D:3      | Reached XP level 5. HP: 15/48 MP: 5/5
  2710 | D:3      | Reached XP level 6. HP: 17/56 MP: 6/6
  2927 | D:3      | Found a hide-covered altar of Uskayaw.
  3345 | D:3      | Reached skill level 5 in Slings
  3782 | D:4      | Reached *** piety under Lugonu
  4235 | D:4      | Found a sacrificial altar of Ru.
  4372 | D:5      | Entered Level 5 of the Dungeon
  4388 | D:5      | Reached skill level 6 in Slings
  4410 | D:5      | Noticed an ice beast
  4643 | D:5      | Reached XP level 7. HP: 61/61 MP: 7/7
  4678 | D:5      | Found a white marble altar of Elyvilon.
  4725 | D:4      | Reached skill level 7 in Slings
  4901 | D:5      | Found a shadowy altar of Dithmenos.
  5527 | D:6      | Noticed Blork the orc
  5530 | D:6      | Cast into level 1 of the Abyss (Blork the orc)
  5620 | Abyss:1  | Reached skill level 10 in Slings
  5620 | Abyss:1  | Reached XP level 8. HP: 22/68 MP: 8/8
  5658 | Abyss:1  | Noticed a rakshasa
  5663 | D:6      | Escaped the Abyss
  5670 | D:6      | Found Wokeoraz's Armour Shop.
  5679 | D:6      | HP: 1/68 [Blork the orc/+0 halberd of distortion (10)]
  5679 | D:6      | Mangled by Blork the orc

Illustrated notes

Levels and vault maps discovered:
D:1:      lemuel_arrival_cross, layout_basic
D:2:      layout_loops_corners, old_standard_altar,
          chequers_ecumenical_altar_simple, kennysheep_generic_room_2
D:3:      layout_basic, grunt_temple_overflow_magic_moments,
          eat_drink_and_be_merry_uskayaw, nicolae_ru_awakened_eye, uniq_grinder
D:4:      layout_rooms, kennysheep_mini_moat, nrook_mini_backslash
D:5:      layout_basic, old_standard_altar, minmay_misc_feat_pillars,
          nicolae_dithmenos_shadow_blocks
D:6:      layout_gridville, old_standard_altar, overflow_temple_1_default,
          trog_eyes_of_draining, minmay_temple_entry_antechambers, serial_shops,
          nicolae_shop_stone, shop, shop, uniq_blork_the_orc

Skill      XL: |  1  2  3  4  5  6  7 |
---------------+----------------------+-----
Fighting       | 4 5 |  5.2
Throwing       | 2 |  2.0
Polearms       | 3 |  3.0
Slings         | 4 6 10 | 10.0
Armour         | |  2.4
Dodging        | |  1.1
Invocations    | |  1.7

Action                   |  1- 3 |  4- 6 |  7- 9 || total
-------------------------+-------+-------+-------++-------
Melee: Spear             |    87 |   111 |     6 ||   204
       Headbutt          |     7 |    18 |     4 ||    29
       Dagger            |       |    15 |    12 ||    27
       Halberd           |       |       |    32 ||    32
 Fire: Hunting sling     |     5 |    93 |    21 ||   119
Throw: Dart              |    46 |    18 |     1 ||    65
       Boomerang         |       |     3 |     1 ||     4
       Javelin           |       |     2 |       ||     2
Invok: Bend Space        |       |       |     2 ||     2
Armor: Plate armour      |    24 |     1 |       ||    25
       Ring mail         |       |    28 |    13 ||    41
Dodge: Dodged            |    10 |    27 |    28 ||    65

Table legend: (Time is in decaauts)
 A = Elapsed time spent in this place.
 B = Non-inter-level travel time spent in this place.
 C = Inter-level travel time spent in this place.
 D = Time resting spent in this place.
 E = Time spent auto-exploring this place.
 F = Levels seen in this place.
 G = Mean time per level.
                   A        B        C        D        E       F      G
               +--------+--------+--------+--------+--------+-----+--------+
         Total |   5635 |   5380 |    255 |    202 |   4075 |   8 |  704.4 |
       Dungeon |   5473 |   5218 |    255 |    164 |   4058 |   6 |  912.2 |
         Abyss |    161 |    161 |      0 |     38 |     17 |   2 |   80.5 |
               +--------+--------+--------+--------+--------+-----+--------+

Top non-repeatable levels by time:
     D:2: 1254 daAuts
     D:3: 1225 daAuts
     D:1: 1163 daAuts
     D:4: 920 daAuts
     D:5: 889 daAuts
 Abyss:1: 161 daAuts
     D:6: 20 daAuts
